 Dungeon Crawl Stone Soup version 0.26-a0-1181-gd376ed14c5 (webtiles) character file.

Game seed: 1168216326985873002

22743 Arthanis the Scorcher (level 12, -4/63 HPs)
             Began as a Deep Elf Fire Elementalist on Dec 25, 2020.
             Was an Elder of Vehumet.
             Slain by a vampire mosquito (12 damage)
             ... on level 12 of the Dungeon on Dec 26, 2020.
             The game lasted 00:38:39 (14283 turns).

Arthanis the Scorcher (Deep Elf Fire Elementalist) Turns: 14283, Time: 00:38:40

Health: -4/63      AC:  7    Str:  5    XL:     12   Next: 65%
Magic:  16/31      EV: 15    Int: 32    God:    Vehumet [****..]
Gold:   730        SH:  0    Dex: 23    Spells: 22/37 levels left

rFire    + + .     SeeInvis .   w - +12 demon whip "Xihixila" {flame, rPois rF++ Dex+2 Stlth-}
rCold    . . .     Faith    .   (no shield)
rNeg     . . .     Spirit   .   p - +2 robe {Will+}
rPois    +         Reflect  .   D - +0 helmet
rElec    .         Harm     .   (no cloak)
rCorr    .         Rampage  .   (no gloves)
Will     ++...                  e - +1 pair of boots
Stlth    ++........             u - amulet of magic regeneration
HPRegen  0.20/turn              l - +6 ring of intelligence
MPRegen  0.47/turn              E - ring of Virys {Dex+6 Slay+3}

@: no status effects
A: no striking features
a: Renounce Religion


You were on level 12 of the Dungeon.
You worshipped Vehumet.
Vehumet was greatly pleased with you.
You visited 2 branches of the dungeon, and saw 14 of its levels.
You also visited: Bailey.

You collected 884 gold pieces.
You spent 154 gold pieces at shops.

Inventory:

Hand Weapons
 b - a +0 dagger
 g - a +0 spear
 i - a +1 whip of venom
 q - a +2 whip of freezing
 w - the +12 demon whip "Xihixila" (weapon) {flame, rPois rF++ Dex+2 Stlth-}
   (You acquired it on level 11 of the Dungeon)

   It has been specially enchanted to burn those struck by it, causing extra
   injury to most foes and up to half again as much damage against particularly
   susceptible opponents.
   It affects your dexterity (+2).
   It greatly protects you from fire.
   It protects you from poison.
   It makes you less stealthy.
 z - a +4 great sword of freezing
Missiles
 y - a throwing net
Armour
 a - a +0 robe
 e - a +1 pair of boots (worn)
 p - a +2 robe of willpower (worn)
 D - a +0 helmet (worn)
Jewellery
 l - a +6 ring of intelligence (left hand)
 u - an amulet of magic regeneration (around neck)
 C - an uncursed ring of resist corrosion
 E - the ring of Virys (right hand) {Dex+6 Slay+3}
   (You found it on level 8 of the Dungeon)

   [ring of dexterity]

   It affects your dexterity (+6).
   It affects your accuracy and damage with ranged weapons and melee attacks
   (+3).
 F - an uncursed ring of protection from cold
 K - an uncursed ring of ice
Wands
 n - a wand of iceblast (13)
 t - a wand of digging (6)
 A - a wand of disintegration (10)
 P - a wand of acid (11)
 S - a wand of paralysis (6)
Scrolls
 f - a scroll of immolation
 j - 3 scrolls of enchant armour
 k - 11 scrolls of remove curse
 m - 4 scrolls of amnesia
 s - 4 scrolls of enchant weapon
 v - 4 scrolls of fog
 x - 2 scrolls of magic mapping {unknown}
 B - 7 scrolls of teleportation
 I - 2 scrolls of blinking
 M - a scroll of noise {unknown}
 Q - a scroll of silence {unknown}
 R - a scroll of brand weapon {unknown}
Potions
 c - 2 potions of lignification {unknown}
 d - 3 potions of flight
 h - a potion of haste
 o - 6 potions of curing
 r - a potion of resistance
 H - 2 potions of brilliance {unknown}
 J - 2 potions of might {unknown}
 L - a potion of experience {unknown}
 O - 2 potions of mutation {unknown}
Miscellaneous
 G - a lightning rod (4/4)
 N - a tin of tremorstones (2/2)


   Skills:
 + Level 2.3 Fighting
 + Level 4.4 Dodging
 - Level 3.0 Stealth
 + Level 13.1 Spellcasting
 + Level 11.0 Conjurations
 * Level 15.1 Fire Magic
 + Level 6.2 Evocations


You had 22 spell levels left.
You knew the following spells:

 Your Spells              Type           Power        Failure   Level
a - Foxfire               Conj/Fire      100%         0%          1
b - Conjure Flame         Conj/Fire      81%          1%          3
c - Sticky Flame          Conj/Fire      81%          1%          4
d - Fireball              Conj/Fire      40%          1%          5
e - Magic Dart            Conj           100%         1%          1
f - Shock                 Conj/Air       100%         1%          1

Your spell library contained the following spells:

 Spells                   Type           Power        Failure   Level
 Ignite Poison            Fire/Tmut/Pois 52%          1%          3
 Dazzling Flash           Conj/Hex       100%         1%          3
 Inner Flame              Hex/Fire       62%          1%          3
 Beastly Appendage        Tmut           42%          2%          1
 Corona                   Hex            23%          2%          1
 Ensorcelled Hibernation  Hex/Ice        42%          3%          2
 Wereblood                Tmut           21%          3%          2
 Confusing Touch          Hex            21%          7%          3
 Spider Form              Tmut/Pois      10%          7%          3
 Tukima's Dance           Hex            21%          7%          3
 Ice Form                 Ice/Tmut       21%          22%         4
 Blade Hands              Tmut           10%          52%         5


Dungeon Overview and Level Annotations

Branches:
Dungeon (13/15)            Temple (1/1) D:4            Lair (0/6) D:11
    Orc (0/2) D:11         Bailey (visited)
 Vaults: D:13-14

Altars:
Ashenzari
Cheibriados
Dithmenos
Elyvilon
Fedhas
Gozag
Hepliaklqana
Kikubaaqudgha
Makhleb
Nemelex Xobeh
Okawaru
Qazlal
Ru
Sif Muna
Trog
Uskayaw
Vehumet
Wu Jian
Xom
Yredelemnul
Zin
The Shining One
Beogh

Shops:
D:6 ?

Annotations:
D:13 Jorgrun


Message History

The vampire mosquito misses you. The vampire mosquito barely misses you.
The vampire mosquito closely misses you.
Casting: Sticky Flame (safe; 1% risk of failure)
Confirm with . or Enter, or press ? or * to list all spells.
Aiming: Sticky Flame (safe; 1% risk of failure)
Press: ? - help, Shift-Dir - straight line, f - vampire mosquito, p - vampire mosquito
Aim: a vampire mosquito (0% to evade)
The sticky flame hits the vampire mosquito!
The vampire mosquito is moderately damaged.
The vampire mosquito is covered in liquid flames!
The vampire mosquito burns! x4; The vampire mosquito barely misses you.
The vampire mosquito closely misses you.
The vampire mosquito bites you.
* * * LOW HITPOINT WARNING * * *
The vampire mosquito draws strength from your injuries!
The vampire mosquito barely misses you. The vampire mosquito bites you.
* * * LOW HITPOINT WARNING * * *
The vampire mosquito draws strength from your injuries!
The vampire mosquito bites you!
You die...

#...# ##...## #...# ##.....##
#...#################.......#####
#..^.............................
....#################.......#####
#...........## ##.....##
#...#######..# ##.....## #...#
##.########.......##### ##.##
#....@y............... #.#
###.yyy...........#... #.#
###.#######.......#.## #.# #...#
####........# #.# #.###
#.........### #.# ##.#
#####....###.## #.#
#..###......### #.# ##.#
#####.##....#...# #(# ...#
#...........#..## ##.#


You could see 4 vampire mosquitoes.

Vanquished Creatures
  2 orc warlords
  An ogre mage (D:13)
  3 two-headed ogres
  An orc high priest (D:12)
  2 unseen horrors
  Pikel (D:4)
  2 orc knights (D:12)
  2 ugly things
  An orc sorcerer (D:12)
  A komodo dragon (D:11)
  2 efreet
  4 slime creatures (D:12)
  17 yaks
  2 wraiths
  A wyvern (D:11)
  Grum (D:9)
  A water moccasin (D:11)
  19 orc warriors
  4 black bears
  4 phantoms
  3 ice beasts
  3 sky beasts
  A necrophage (D:10)
  5 ogres
  5 centaurs
  3 wolves (D:9)
  11 bullfrogs
  7 scorpions
  18 killer bees
  9 wights
  8 howler monkeys
  A quasit (D:11)
  2 jellies (D:8)
  2 bullfrog zombies (D:5)
  10 hounds
  10 orc priests
  A centaur zombie (D:8)
  A bullfrog skeleton (D:5)
  3 centaur skeletons
  14 orc wizards
  Jessica (D:3)
  3 iguanas
  9 worker ants
  2 hound zombies
  A hound skeleton (D:5)
  5 gnolls
  10 adders
  A shadow imp (D:5)
  4 white imps
  2 ufetubi
  An ooze (D:5)
  5 adder skeletons
  An adder zombie (D:5)
  4 worms
  2 dart slugs
  11 leopard geckos
  53 orcs
  3 giant cockroaches
  10 goblins
  10 hobgoblins
  6 jackals
  16 kobolds
  5 quokkas
  4 ball pythons
  7 bats
  3 frilled lizards
  A leopard gecko zombie (D:6)
  A quokka skeleton (D:5)
  7 rats
376 creatures vanquished.

Vanquished Creatures (collateral kills)
  12 foxfires (D:11)
12 creatures vanquished.

Vanquished Creatures (others)
  A wight (D:12)
  A jelly (D:12)
  A hound (D:7)
  A leopard gecko (D:2)
  1503 foxfires
  13 fungi (D:11)
  15 plants (D:11)
1535 creatures vanquished.

Grand Total: 1923 creatures vanquished

Notes
Turn   | Place    | Note
-------+----------+-------------------------------------------
     0 | D:1      | Arthanis the Deep Elf Fire Elementalist began the quest for
                  | the Orb.
     0 | D:1      | Reached XP level 1. HP: 10/10 MP: 6/6
   200 | D:1      | Reached XP level 2. HP: 15/15 MP: 6/8
   937 | D:2      | Reached skill level 4 in Fire Magic
   937 | D:2      | Reached XP level 3. HP: 19/19 MP: 5/10
   941 | D:2      | Learned a level 3 spell: Conjure Flame
  1323 | D:2      | Found a white marble altar of Elyvilon.
  1927 | D:3      | Reached XP level 4. HP: 24/24 MP: 5/11
  1932 | D:3      | Learned a level 4 spell: Sticky Flame
  2460 | D:3      | Reached skill level 5 in Fire Magic
  2468 | D:3      | Noticed Jessica
  2472 | D:3      | Killed Jessica
  2473 | D:3      | Reached XP level 5. HP: 28/28 MP: 6/13
  2728 | D:4      | Found a staircase to the Ecumenical Temple.
  2736 | Temple   | Entered the Ecumenical Temple
  2845 | D:4      | Noticed a lemure
  2845 | D:4      | Noticed a lemure
  3169 | D:4      | Noticed Pikel
  3175 | D:4      | Noticed a lemure
  3176 | D:4      | Noticed a lemure
  3182 | D:4      | Killed Pikel
  3183 | D:4      | Reached skill level 7 in Fire Magic
  3183 | D:4      | Reached XP level 6. HP: 17/32 MP: 4/17
  3183 | D:4      | Reached XP level 7. HP: 20/36 MP: 4/18
  4062 | D:5      | Entered Level 5 of the Dungeon
  4218 | D:5      | Reached skill level 5 in Conjurations
  4341 | D:5      | Reached skill level 8 in Fire Magic
  4341 | D:5      | Reached XP level 8. HP: 35/41 MP: 13/20
  5469 | D:5      | Learned a level 5 spell: Fireball
  5693 | D:6      | Reached skill level 9 in Fire Magic
  5895 | D:6      | Found an ornate altar of the Wu Jian Council.
  5990 | D:6      | Found Ditoitip's Magic Scroll Boutique.
  5993 | D:6      | Bought a scroll of remove curse for 33 gold pieces
  5993 | D:6      | Bought a scroll of identify for 22 gold pieces
  5993 | D:6      | Bought a scroll of teleportation for 33 gold pieces
  5993 | D:6      | Bought a scroll of identify for 22 gold pieces
  5993 | D:6      | Bought a scroll of identify for 22 gold pieces
  5993 | D:6      | Bought a scroll of identify for 22 gold pieces
  6334 | D:6      | Found a shadowy altar of Dithmenos.
  6336 | D:6      | Found a hazy altar of Hepliaklqana.
  6525 | D:7      | Reached XP level 9. HP: 45/45 MP: 17/23
  6634 | D:7      | Reached skill level 10 in Fire Magic
  6894 | D:7      | Found a hide-covered altar of Uskayaw.
  6909 | D:7      | Found an ancient bone altar of Kikubaaqudgha.
  6910 | D:7      | Found a radiant altar of Vehumet.
  6916 | D:7      | Became a worshipper of Vehumet
  7098 | D:7      | Found a sparkling altar of Nemelex Xobeh.
  7178 | D:8      | Found a shimmering altar of Xom.
  7308 | D:8      | Reached skill level 1 in Evocations
  7458 | D:8      | Reached skill level 11 in Fire Magic
  7553 | D:8      | Reached * piety under Vehumet
  7553 | D:8      | Offered knowledge of Magic Dart by Vehumet.
  7556 | D:8      | Learned a level 1 spell: Magic Dart
  7849 | D:8      | Found a glowing golden altar of the Shining One.
  7893 | D:8      | Reached XP level 10. HP: 50/50 MP: 10/25
  7894 | D:8      | Got a pitted marble ring
  7903 | D:8      | Identified the ring of Virys {Dex+6 Slay+3} (You found it
                  | on level 8 of the Dungeon)
  8259 | D:8      | Reached skill level 10 in Spellcasting
  8293 | D:8      | Reached ** piety under Vehumet
  8293 | D:8      | Offered knowledge of Shock by Vehumet.
  8296 | D:8      | Learned a level 1 spell: Shock
  8565 | D:8      | Found a snail-covered altar of Cheibriados.
  8822 | D:9      | Found a sacrificial altar of Ru.
  9057 | D:9      | Reached skill level 12 in Fire Magic
  9063 | D:9      | Found a flagged portal.
  9063 | D:9      | Noticed a two-headed ogre
  9073 | D:9      | Killed a two-headed ogre
  9074 | D:9      | Reached skill level 1 in Fighting
  9097 | Bailey   | Entered a bailey
  9114 | Bailey   | Noticed an orc warlord
  9188 | Bailey   | Found a runed translucent gate.
  9191 | Bailey   | Found a runed translucent gate.
  9192 | Bailey   | Found a runed translucent gate.
  9247 | Bailey   | Offered knowledge of Searing Ray by Vehumet.
  9463 | Bailey   | Killed an orc warlord
  9801 | D:9      | Found a blossoming altar of Fedhas.
  9974 | D:9      | Noticed Grum
  9979 | D:9      | Killed Grum
  9980 | D:9      | Reached XP level 11. HP: 57/57 MP: 15/27
 10267 | D:10     | Entered Level 10 of the Dungeon
 10364 | D:10     | Noticed an unseen horror
 10368 | D:10     | Killed an unseen horror
 10840 | D:10     | Reached *** piety under Vehumet
 11132 | D:11     | Found a staircase to the Lair.
 11144 | D:11     | Found a staircase to the Orcish Mines.
 11173 | D:11     | Identified a scroll of acquirement
 11174 | D:11     | Acquired the +12 demon whip "Xihixila" {flame, rPois rF++
                  | Dex+2 Stlth-}
 11221 | D:11     | Reached skill level 13 in Fire Magic
 11235 | D:11     | Noticed an unseen horror
 11238 | D:11     | Killed an unseen horror
 11256 | D:11     | Offered knowledge of Olgreb's Toxic Radiance by Vehumet.
 11706 | D:11     | Reached skill level 5 in Evocations
 12555 | D:12     | Noticed an orc warlord
 12557 | D:12     | Reached **** piety under Vehumet
 12600 | D:12     | Killed an orc warlord
 12600 | D:12     | Offered knowledge of Ignite Poison by Vehumet.
 12601 | D:12     | Reached skill level 10 in Conjurations
 12684 | D:12     | Noticed a purple ugly thing
 12698 | D:12     | Killed a purple ugly thing
 12699 | D:12     | Reached skill level 14 in Fire Magic
 12699 | D:12     | Reached XP level 12. HP: 56/62 MP: 18/30
 13312 | D:12     | Noticed an orc high priest
 13318 | D:12     | Killed an orc high priest
 13412 | D:12     | Found a roughly hewn altar of Beogh.
 13878 | D:13     | Noticed a two-headed ogre
 13886 | D:13     | Killed a two-headed ogre
 13896 | D:13     | Reached skill level 15 in Fire Magic
 14062 | D:13     | Noticed an ogre mage
 14064 | D:13     | Killed an ogre mage
 14064 | D:13     | Noticed a two-headed ogre
 14066 | D:13     | Killed a two-headed ogre
 14071 | D:13     | Noticed Jorgrun
 14283 | D:12     | Slain by a vampire mosquito

Illustrated notes

Levels and vault maps discovered:
D:1:      lemuel_arrival_funnel, layout_basic
D:2:      layout_loops_ring, elyvilon_altar_4, serial_aquarium,
          aquarium_bridge_square [aquarium_subvault_bridge,
          aquarium_subvault_wall, aquarium_subvault_bridge,
          aquarium_subvault_window], aquarium_window_corridor_3,
          aquarium_window_fake, aquarium_view_2c, aquarium_view_2b,
          aquarium_balcony_double_1
D:3:      layout_rooms, minmay_close_crescents, uniq_jessica
D:4:      kennysheep_spiral_hall, layout_basic, temple_fountains, uniq_pikel
D:5:      layout_loops_ring, dk_vineyard_2
D:6:      layout_basic, riverfiend_overflow_shadow_ancestor,
          nzn_wu_jian_contemplation, serial_shops, kennysheep_mini_moat,
          st_stairs_1, hangedman_abyss_or_decor_stabs
D:7:      layout_rooms, lemuel_round_altar, minitemple
D:8:      layout_loops_cross, cheibrodos_worm_habitat,
          nicolae_overflow_crystal_walls, basic_altar
D:9:      layout_basic, lemuel_round_altar, enter_bailey_2, fedhas_altar_3,
          uniq_grum
D:10:     layout_roguey
D:11:     layout_basic, due_lair_maze_entry_diamond, orc_0_dummy
D:12:     orc_temple, layout_rooms
D:13:     layout_long_grid, david_vaults_4, serial_shops, shop_coins,
          minmay_misc_feat_chi, uniq_nessos, uniq_jorgrun
Temple:   jpeg_temple_clearing

Skill      XL: |  1  2  3  4  5  6  7  8  9 10 11 12 |
---------------+-------------------------------------+-----
Fire Magic     | 4 5 7 8 9 11 12 14 15 | 15.1
Conjurations   | 2 4 5 6 7 8 10 11 | 11.0
Spellcasting   | 4 6 8 9 10 12 13 | 13.1
Stealth        | 3 |  3.0
Dodging        | 3 4 |  4.4
Evocations     | 2 3 6 |  6.2
Fighting       | 2 |  2.3

Action                   |  1- 3 |  4- 6 |  7- 9 | 10-12 || total
-------------------------+-------+-------+-------+-------++-------
Melee: Dagger            |     2 |     1 |     1 |       ||     4
       Whip              |       |       |     9 |       ||     9
       Great sword       |       |       |    10 |     8 ||    18
       Demon whip        |       |       |       |     4 ||     4
 Cast: Foxfire           |    85 |    67 |   409 |   419 ||   980
       Sticky Flame      |       |     1 |    18 |    49 ||    68
       Conjure Flame     |       |     1 |     7 |    19 ||    27
       Shock             |       |       |       |    44 ||    44
       Fireball          |       |       |       |    85 ||    85
Evoke: Wand              |       |       |       |     3 ||     3
  Use: Scroll            |       |       |    10 |     6 ||    16
       Potion            |       |       |       |     3 ||     3
 Stab: Sleeping          |     1 |       |     1 |       ||     2
Armor: Robe              |     2 |       |    20 |    20 ||    42
Dodge: Dodged            |     5 |     7 |    55 |    98 ||   165
       Rpst.: Great sword |       |       |    11 |     9 ||    20

Table legend: (Time is in decaauts)
 A = Elapsed time spent in this place.
 B = Non-inter-level travel time spent in this place.
 C = Inter-level travel time spent in this place.
 D = Time resting spent in this place.
 E = Time spent auto-exploring this place.
 F = Levels seen in this place.
 G = Mean time per level.
                   A        B        C        D        E       F      G
               +--------+--------+--------+--------+--------+-----+--------+
         Total |  14306 |  13918 |    388 |    547 |  10250 |  15 |  953.7 |
       Dungeon |  13581 |  13206 |    375 |    381 |  10172 |  13 | 1044.7 |
        Temple |     92 |     79 |     13 |      0 |     78 |   1 |   92.0 |
        Bailey |    631 |    631 |      0 |    166 |      0 |   1 |  631.0 |
               +--------+--------+--------+--------+--------+-----+--------+

Top non-repeatable levels by time:
    D:12: 1742 daAuts
     D:8: 1582 daAuts
     D:5: 1422 daAuts
     D:4: 1322 daAuts
     D:2: 1181 daAuts
    D:11: 1067 daAuts
     D:6: 1014 daAuts
     D:9: 907 daAuts
     D:3: 828 daAuts
    D:10: 795 daAuts
     D:7: 669 daAuts
     D:1: 635 daAuts
  Bailey: 631 daAuts
    D:13: 412 daAuts
  Temple: 92 daAuts
